 Dungeon Crawl Stone Soup version 0.27-a0-955-gb57c80000f (webtiles) character file.

Game seed: 8783820075300588429

69 Glokmah the Conjurer (level 4, -6/22 HPs)
             Began as a Vine Stalker Conjurer on Apr 12, 2021.
             Was an Initiate of Cheibriados.
             Killed from afar by Ijyb (8 damage)
             ... with a puff of flame
             ... on level 3 of the Dungeon.
             The game lasted 00:07:06 (2293 turns).

Glokmah the Conjurer (Vine Stalker Conjurer)        Turns: 2293, Time: 00:07:06

Health: -6/22      AC:  2    Str: 11    XL:     4   Next: 20%
Magic:  0/9        EV: 12    Int: 20    God:    Cheibriados [......]
Gold:   101        SH:  0    Dex: 13    Spells: 3/8 levels left

rFire    . . .     SeeInvis .   a - +2 short sword (protect)
rCold    . . .     Faith    .   (no shield)
rNeg     . . .     Spirit   +   h - +0 robe
rPois    .         Reflect  .   (no helmet)
rElec    .         Harm     .   (no cloak)
rCorr    .         Rampage  .   (no gloves)
Will     .....                  (no boots)
Stlth    ++........             (no amulet)
HPRegen  1.07/turn              (no ring)
MPRegen  0.11/turn              (no ring)

@: very slow
A: fangs 2, regeneration 1, magic shield, antimagic bite, no potion heal 2
a: Renounce Religion, Bend Time


You were on level 3 of the Dungeon.
You worshipped Cheibriados.
Cheibriados was noncommittal.
You visited 1 branch of the dungeon, and saw 3 of its levels.

You collected 101 gold pieces.

Inventory:

Hand Weapons
 a - a +2 short sword of protection (weapon)
Missiles
 e - 63 stones
Armour
 h - a +0 robe (worn)
Scrolls
 d - a scroll of torment {unknown}
 f - 4 scrolls of identify {unknown}
 g - a scroll of immolation {unknown}
 i - a scroll of magic mapping {unknown}
 j - a scroll of teleportation {unknown}
Potions
 b - a potion of magic {unknown}
 c - a potion of lignification {unknown}
 k - a potion of might {unknown}


   Skills:
 + Level 1.3 Fighting
 - Level 1.5 Dodging
 - Level 2.4 Stealth
 + Level 2.8 Spellcasting
 * Level 4.8 Conjurations
 + Level 0.5 Translocations


You had 3 spell levels left.
You knew the following spells:

 Your Spells              Type           Power      Damage    Failure   Level
a - Magic Dart            Conj           88%        1d7       1%          1
b - Searing Ray           Conj           44%        3d4       3%          2
c - Blink                 Tloc           N/A        N/A       19%         2

Your spell library contained the following spells:

 Spells                   Type           Power      Damage    Failure   Level
 Beastly Appendage        Tmut           4%         N/A       14%         1
 Conjure Flame            Conj/Fire      12%        6-21      16%         3
 Dazzling Flash           Conj/Hex       24%        N/A       16%         3
 Call Imp                 Summ           2%         N/A       22%         2
 Slow                     Hex            2%         N/A       22%         2
 Wereblood                Tmut           2%         N/A       22%         2
 Mephitic Cloud           Conj/Pois/Air  9%         N/A       22%         3
 Spider Form              Tmut/Pois      1%         N/A       41%         3
 Iskenderun's Mystic Bla  Conj/Tloc      13%        2d5       43%         4
 Fulminant Prism          Conj/Hex       6%         3d7       47%         4
 Ice Form                 Ice/Tmut       2%         N/A       82%         4
 Hydra Form               Tmut           1%         N/A       99%         5


Dungeon Overview and Level Annotations

Branches:
Dungeon (3/15)

Altars:
Cheibriados

Shops:
D:1 :*   D:2 *

Annotations:
D:3 Ijyb


Innate Abilities, Weirdness & Mutations

You have extremely sharp teeth.
Your natural rate of healing is unusually fast.
When hurt, damage is shared between your health and your magic reserves.
Your bite disrupts and absorbs the magic of your enemies.
Potions cannot restore your health.


Message History

You climb upwards.
There is a stone staircase leading down here.
There is a stone staircase leading down here.
You climb downwards.
A kobold comes into view. It is wielding a +0 whip.
There is a stone staircase leading up here.
The kobold closely misses you.
You hit the kobold.
Your weapon exudes an aura of protection.
You kill the kobold!
Cheibriados appreciates the change of pace.
e - 37 stones (gained 1)
You see here a +0 whip.
e - 63 stones (gained 26)
You now have 101 gold pieces (gained 8).
c - a viscous orange potion Ijyb the Twisted Goblin comes into view.
She is wielding a +4 club and carrying a wand of flame (14).
Casting: Searing Ray (safe; 3% risk of failure)
Confirm with . or Enter, or press ? or * to list all spells.
Aiming: Searing Ray (safe; 3% risk of failure)
Press: ? - help, Shift-Dir - straight line, f - Ijyb
Aim: Ijyb, wielding a +4 club, wearing a +0 chain mail and carrying a wand of flame (14) (asleep, 0% to evade)
The searing ray hits Ijyb but does no damage.
Ijyb shouts! (Press . to maintain the ray.) Ijyb zaps a wand.
The puff of flame hits you!
The searing ray hits Ijyb.
Ijyb is lightly wounded.
The searing ray hits Ijyb.
Ijyb is moderately wounded.
Ijyb zaps a wand.
The puff of flame hits you!
The searing ray hits Ijyb!
Ijyb is severely wounded.
You finish channeling your searing ray.
Ijyb zaps a wand.
The puff of flame hits you!
* * * LOW HITPOINT WARNING * * *
Ijyb zaps a wand.
The puff of flame hits you.
* * * LOW HITPOINT WARNING * * *
Ijyb zaps a wand.
The puff of flame hits you!
You die...

# .# ###.#### .# ......# .#
# # #.##.# .# ..#. #....####
.# ..... #.......# .#
.....##.#.....##g#
#.##.............#
#............@####
####.##.#.....# ##.#######
... #...# #.# #...# #.#
#...# #.# #...# #.#
######...###########.#
#.............##.....####...


You could see Ijyb.

Vanquished Creatures
  An adder (D:2)
  A worm (D:2)
  A dart slug (D:1)
  2 bats (D:1)
  4 endoplasms (D:1)
  3 giant cockroaches
  5 goblins
  4 hobgoblins
  4 jackals (D:2)
  6 kobolds
  6 quokkas
  4 ball pythons
  3 frilled lizards (D:1)
  7 rats
51 creatures vanquished.

Notes
Turn   | Place    | Note
-------+----------+-------------------------------------------
     0 | D:1      | Glokmah the Vine Stalker Conjurer began the quest for the
                  | Orb.
     0 | D:1      | Reached XP level 1. HP: 9/9 MP: 4/4
    49 | D:1      | Found a faded altar of an unknown god.
   172 | D:1      | Found Bygek's Book Emporium.
   191 | D:1      | Reached XP level 2. HP: 14/14 MP: 3/6
   222 | D:1      | Learned a level 2 spell: Searing Ray
   739 | D:1      | Reached XP level 3. HP: 17/17 MP: 3/7
   782 | D:1      | Reached skill level 1 in Fighting
   841 | D:1      | Found Borasaog's Assorted Antiques.
  1428 | D:2      | Learned a level 2 spell: Blink
  1484 | D:2      | Found Huomaic's Assorted Antiques.
  1859 | D:2      | Gained mutation: Your natural rate of healing is unusually
                  | fast. [Vine Stalker growth]
  1859 | D:2      | Reached XP level 4. HP: 22/22 MP: 9/9
  2032 | D:2      | Found a snail-covered altar of Cheibriados.
  2056 | D:2      | Became a worshipper of Cheibriados the Contemplative
  2287 | D:3      | Noticed Ijyb
  2292 | D:3      | HP: 1/22 [Ijyb/puff of flame (4)]
  2293 | D:3      | Killed from afar by Ijyb

Illustrated notes

Levels and vault maps discovered:
D:1:      dpeg_arrival_tiny_a, layout_rooms, serial_shops, shop,
          nicolae_shop_crystal, shapermc_ecumenical_altar_flowoftime,
          columned_hall_lemuel
D:2:      layout_rooms, serial_shops, shop_fountains, basic_altar
D:3:      layout_loops_cross, chequers_temple_overflow_minitemple, uniq_ijyb

Skill      XL: |  1  2  3 |
---------------+----------+-----
Fighting       | 1 |  1.3
Dodging        | |  1.5
Stealth        | |  2.4
Spellcasting   | |  2.8
Conjurations   | |  4.8
Translocations | |  0.5

Action                   |  1- 3 |  4- 6 || total
-------------------------+-------+-------++-------
Melee: Short sword       |    33 |     1 ||    34
       Bite              |     5 |       ||     5
 Cast: Magic Dart        |    73 |     1 ||    74
       Searing Ray       |     5 |     3 ||     8
Armor: Robe              |     9 |       ||     9
Dodge: Dodged            |    38 |     3 ||    41

Table legend: (Time is in decaauts)
 A = Elapsed time spent in this place.
 B = Non-inter-level travel time spent in this place.
 C = Inter-level travel time spent in this place.
 D = Time resting spent in this place.
 E = Time spent auto-exploring this place.
 F = Levels seen in this place.
 G = Mean time per level.
                   A        B        C        D        E       F      G
               +--------+--------+--------+--------+--------+-----+--------+
         Total |   2351 |   2198 |    153 |    538 |   1175 |   3 |  783.7 |
       Dungeon |   2351 |   2198 |    153 |    538 |   1175 |   3 |  783.7 |
               +--------+--------+--------+--------+--------+-----+--------+

Top non-repeatable levels by time:
     D:2: 1173 daAuts
     D:1: 1121 daAuts
     D:3: 57 daAuts
